[Event "41st Zalakaros Festival 2022"]
[Site "Zalakaros"]
[Date "2022.06.12"]
[Round "8.7"]
[White "Papp, Levente"]
[Black "Sulyok, Eszter"]
[Result "1-0"]
[ECO "A22"]
[WhiteElo "2401"]
[BlackElo "2068"]
[Annotator "TA"]
[PlyCount "71"]
[EventDate "2022.06.05"]
[EventType "swiss"]
[EventCountry "HUN"]
[SourceTitle "playchess.com"]
[Source "ChessBase"]
[SourceQuality "1"]
[TimeControl "40/5400+30:1800+30"]

1. c4 e5 2. Nc3 Nf6 3. g3 Nc6 4. Bg2 Bc5 5. e3 d5 6. Nxd5 Nxd5 {[%emt 0:01:31] A25: English Opening vs King's Indian with ...Nc6 but without early d3.} 7. cxd5 Nb4 8. d3 Nxd5 {[%emt 0:07:43] The position is equal.} 9. Nf3 $1 {[%emt 0:00:07] 9.Nf3 scores better than 9.a3.} Bd6 10. O-O O-O 11. a3 c6 12. Qc2 Re8 13. b3 a5 14. Bb2 Bg4 {[%emt 0:13:22] [#]} 15. d4 $146 ({Predecessor:} 15. Rfe1 Bh5 16. e4 Nc7 17. d4 Bxf3 18. Bxf3 exd4 19. Bxd4 Bxg3 20. Bxg7 Bxh2+ 21. Kxh2 {0-1 (44) Noroozi,O (2194)-Wang,H (2433) Calicut 2004}) 15... Bxf3 ({Black should play} 15... e4 $15 16. Nd2 Bf5) 16. Bxf3 $11 Nf6 17. Rfd1 (17. dxe5 $14 Bxe5 18. Rfd1) 17... e4 18. Bg2 Qe7 19. Re1 Nd5 20. Bc1 Kh8 21. f3 f5 22. fxe4 fxe4 23. Qe2 Nc3 (23... g6 $15) 24. Qg4 Nb5 25. Rf1 Bxa3 26. Bxa3 Nxa3 27. Bxe4 {[%emt 0:06:49][%cal Oa1a3] Hoping for Rxa3!} Qxe4 $4 {[%emt 0:00:34][%mdl 8192] [#]} (27... g6 $11 {and Black stays safe.}) 28. Rf8+ $3 $18 {[%emt 0:00:07][%mdl 576] Deflection} Rxf8 29. Qxe4 Rfe8 30. Qd3 Nb5 31. d5 Rad8 32. e4 ({Much less strong is} 32. Rxa5 $6 Rxd5 33. Qe4 Nd6) 32... Nc7 $2 (32... Nd6 {was necessary.} 33. Re1 (33. Rxa5 Nxe4 34. Qc4 b6 $16) 33... h6) 33. Qc4 ({Less strong is} 33. d6 Nb5 34. d7 (34. Rxa5 Nxd6 35. Ra4 Nb5 $16) 34... Re6 $16) 33... Nb5 34. Rxa5 Nd6 35. Qb4 {[%emt 0:00:11][%cal Oe4e5] Strongly threatening e5!} Rxe4 {[%emt 0:00:29] [#]} (35... Nxe4 $142 36. Qxb7 c5) 36. Qxd6 $3 {[%emt 0:00:19][%mdl 512] Weighted Error Value: White=0.13 (very precise) /Black=0.43} 1-0

[Event "41st Zalakaros Festival 2022"]
[Site "Zalakaros"]
[Date "2022.06.12"]
[Round "8.8"]
[White "Daroczi, Donat"]
[Black "Ianov, Viktor"]
[Result "1/2-1/2"]
[ECO "C41"]
[WhiteElo "2132"]
[BlackElo "2279"]
[Annotator "TA"]
[PlyCount "77"]
[EventDate "2022.06.05"]
[EventType "swiss"]
[EventCountry "HUN"]
[SourceTitle "playchess.com"]
[Source "ChessBase"]
[SourceQuality "1"]
[TimeControl "40/5400+30:1800+30"]

1. e4 d6 2. d4 Nf6 3. Nc3 e5 4. Nf3 Nbd7 5. Bc4 Be7 6. O-O O-O 7. Re1 c6 8. a4 a5 9. h3 exd4 10. Nxd4 Nc5 11. Bf4 Be6 {[%emt 0:00:35] C41: Philidor Defence.} 12. Nxe6 fxe6 {[%emt 0:02:00] [#]} 13. Bxd6 $1 {[%emt 0:11:05] is the legacy move (13.e5).} Bxd6 14. e5 Nd5 15. exd6 $14 Qxd6 16. Ne4 Qf4 {[%emt 0:00:25] [#]} 17. f3 $146 {[%emt 0:01:14] [#] And now Bxd5 would win.} ({Predecessor:} 17. Qd4 Nd7 18. Rad1 Rf7 19. Ng3 Qh6 20. Qd2 Qf6 21. c3 Raf8 22. Ne4 Qg6 23. Kh1 {½-½ (76) Pichot,A (2630)-Yilmaz,M (2626) Chess.com INT 2021}) 17... Nd7 18. Qd2 (18. Bb3 {with more complications.} Rad8 19. Qd4 h6 20. Rad1) 18... Qxd2 19. Nxd2 Nc5 20. Ne4 Nxe4 21. Rxe4 Rf6 22. Rae1 Kf7 23. Kf2 Rd8 24. h4 Rd6 25. g4 Ke7 26. Kg3 Kd7 27. Re5 b6 28. Rg5 Rf7 29. Rge5 ({White should play} 29. Rh5 $14) 29... Nc7 (29... Rf6 $1 $11) 30. f4 Rd4 {[%emt 0:01:01][%csl LRc4,LRf4] The position is equal.} 31. Bxe6+ Nxe6 32. Rxe6 Rdxf4 $11 {[%emt 0:00:21][%mdl 4096] Endgame Threatens to win with ...Rf3+. KRR-KRR} 33. Re7+ $1 Kd6 34. R1e6+ Kd5 35. Re5+ Kd6 36. R7e6+ Kd7 {[%emt 0:00:11] Hoping for ...Rf3+.} 37. Re7+ $1 Kd6 38. R7e6+ Kd7 {[%emt 0:00:09] ...Rf3+ is the strong threat.} 39. Re7+ $1 {[%emt 0:00:04] Weighted Error Value: White=0.11 (very precise) /Black=0.12 (very precise)} 1/2-1/2

[Event "41st Zalakaros Festival 2022"]
[Site "Zalakaros"]
[Date "2022.06.12"]
[Round "8.9"]
[White "Leszko, Bence"]
[Black "Nemeth, Zalan"]
[Result "0-1"]
[ECO "B01"]
[WhiteElo "2248"]
[BlackElo "2177"]
[Annotator "TA"]
[PlyCount "68"]
[EventDate "2022.06.05"]
[EventType "swiss"]
[EventCountry "HUN"]
[SourceTitle "playchess.com"]
[Source "ChessBase"]
[SourceQuality "1"]
[TimeControl "40/5400+30:1800+30"]

1. e4 d5 2. Nc3 d4 3. Nce2 e5 4. Ng3 c5 5. Bc4 Nc6 6. d3 {[%emt 0:00:57] A00: Irregular Openings.} Nf6 7. f4 (7. Nf3 $11 {keeps the balance.}) 7... exf4 8. Bxf4 {[%emt 0:00:09] Black is slightly better.} Bd6 9. Qd2 {[%emt 0:07:16] [#]} O-O $146 ({Predecessor:} 9... Bxf4 10. Qxf4 Qa5+ 11. Qd2 Qxd2+ 12. Kxd2 Be6 13. Bb5 O-O 14. Bxc6 bxc6 15. Nf3 c4 16. Nxd4 cxd3 17. cxd3 {1-0 (36) Van Bentum,H-Reetz,H Mecklenburg VP 1994}) 10. Nf3 Ng4 11. O-O Bxf4 12. Qxf4 Ne3 13. Rf2 Be6 14. Bb3 b5 (14... a5 $5 ) 15. Nf1 c4 16. dxc4 Nxc4 17. Bxc4 bxc4 18. Ng3 Qb8 19. e5 Qxb2 20. Raf1 {[%emt 0:00:05] Strongly threatening Nh5.} Rad8 $2 (20... Qxa2 21. Qe4 Ne7 22. Ng5 $14 (22. Nxd4 Qa5 $15)) (20... Ne7 $11 {and Black has nothing to worry.}) 21. Nh5 $1 $18 {[%emt 0:01:42] Threatening mate with Qg5.} (21. Ng5 h6 22. Nh5 d3 23. Nxe6 fxe6 24. Qxf8+ Rxf8 25. Rxf8+ Kh7 $11) 21... h6 {[%emt 0:08:21] [#] Inhibits Qg5.} (21... Ne7 22. Nxg7 (22. Ng5 $2 Ng6 $17) 22... Kxg7) 22. Qg3 (22. Nxg7 $142 $1 Kh7 (22... a5 23. Qxh6) 23. Ng5+ $1 hxg5 24. Qxg5 Qxc2 25. Rxc2) 22... g6 {[%emt 0:00:21] [#]} 23. Nh4 $2 ({White must play} 23. Qf4 $1 $18 Kh7 24. Nf6+ Kg7 25. Ne4 (25. Nh4 $2 d3 $19)) 23... Qc3 $1 $36 {[%emt 0:02:24][%mdl 2048] White must now prevent ...Qxg3. White is under pressure.} 24. Qf4 {[%emt 0:05:38][%mdl 8192] [#]} Qe3 $1 $19 {[%emt 0:01:20] Active counter play!} ({And not} 24... gxh5 25. Rf3 d3 26. Rg3+ Bg4 27. Qxh6 Qd4+ 28. Kh1 Qxe5 29. Nf5 $11) 25. Qf6 $2 (25. Nf6+ {keeps fighting.} Kg7 26. Qf3 Qxf3 27. Nxf3) 25... gxh5 26. Nf3 Qe4 27. Qxh6 Qg6 28. Qf4 Qg4 29. Qh6 {[%emt 0:00:25] Ng5 would kill now.} Qg6 30. Qf4 d3 {[%emt 0:00:56] Black is clearly winning.} 31. c3 Ne7 32. Nh4 (32. Nd2 $142) 32... Qg4 33. Qh6 d2 34. Rf4 d1=Q {[%emt 0:00:27] Weighted Error Value: White=0.81/Black=0.50} 0-1

[Event "41st Zalakaros Festival 2022"]
[Site "Zalakaros"]
[Date "2022.06.12"]
[Round "8.10"]
[White "Okhotnik, Vladimir"]
[Black "Hrbolka, Ladislav"]
[Result "0-1"]
[ECO "B10"]
[WhiteElo "2336"]
[BlackElo "2193"]
[Annotator "TA"]
[PlyCount "108"]
[EventDate "2022.06.05"]
[EventType "swiss"]
[EventCountry "HUN"]
[SourceTitle "playchess.com"]
[Source "ChessBase"]
[SourceQuality "1"]
[TimeControl "40/5400+30:1800+30"]

1. e4 c6 2. Nf3 d5 3. Nc3 dxe4 4. Nxe4 Nf6 5. Nxf6+ exf6 6. d4 Bd6 7. Bd3 {[%emt 0:00:36] 7.Bd3 scores better than 7.Be2.} O-O 8. Be3 Na6 {[%emt 0:05:35] B15: Caro-Kann: 3 Nc3: 3...g6 and 3...dxe4 4 Nxe4 Nf6 5 Nxf6+ exf6.} 9. c3 {[%emt 0:01:04] Against Nb4} Nc7 10. Qc2 h6 (10... g6 $11) 11. c4 {[%emt 0:04:03] [#]} (11. O-O $14) 11... Bb4+ $146 ({Predecessor:} 11... Na6 12. a3 Qa5+ 13. Nd2 f5 14. c5 Nb4 15. axb4 Qxa1+ 16. Nb1 f4 17. O-O Qa2 {0-1 (35) Yurtseven,C (2365)-Delaney,J (2205) Thessaloniki 1984}) 12. Kf1 (12. Ke2 {is more complex.} Re8 13. Rhd1 Bd6 14. h3) 12... Re8 13. Nh4 (13. h3 $11) 13... b5 14. b3 a5 15. a4 bxc4 16. bxc4 Bf8 17. Be2 Na6 18. g4 Nb4 19. Qc3 (19. Qd2 $17 {was worth a try.}) 19... g6 $19 20. h3 f5 21. Nf3 Bg7 (21... fxg4 $2 22. hxg4 Bxg4 23. Re1 (23. Ne5 $2 Bxe2+ 24. Kxe2 c5 $19)) 22. Rd1 Ra7 (22... fxg4 23. hxg4 Bxg4 24. Bxh6 $15) 23. Qd2 $2 (23. g5 $17 {is the only way for White.}) 23... Rae7 {[%emt 0:00:08] [#] ...f4 is the strong threat.} (23... fxg4 24. hxg4 Bxg4 25. Bxh6 Rxe2 26. Qf4 (26. Qxe2 $2 Bxh6 27. Re1 Bxf3 $19) 26... Bxf3 27. Bxg7 Kxg7 28. Qh6+ Kf6 29. Qf4+ Ke7 30. Qxf3 $19) 24. Ng1 Kh7 25. Bf3 Ba6 26. Qc1 Nd5 27. Bd2 Nb4 $2 (27... Bxd4 28. Kg2 Nb4 29. Bxh6 $17) (27... c5 $19 28. Kg2 Nb4 29. dxc5 Nd3 30. Bxa5 Qd4 31. Rxd3 Qxd3) 28. Bxb4 $4 (28. Be3 $1 $11 {and White stays safe.}) 28... axb4 29. Bxc6 fxg4 30. Kg2 $2 (30. hxg4 {keeps fighting.} Qc8 31. Bb5) 30... Rc7 31. Bxe8 {[%emt 0:05:54] Hoping for Bb5.} Bxc4 {[%emt 0:00:17] And now ...Bd5+ would win.} (31... Qxe8 32. hxg4 Bxc4 33. Kg3 $17) 32. Qd2 $2 (32. Qf4 Bd5+ 33. Kf1 (33. Kh2 $2 Bf8 $19) 33... Bxh1 34. hxg4) 32... Bd5+ {[%emt 0:01:56][%mdl 64] [#] Skewer} 33. f3 gxf3+ 34. Nxf3 Rc3 35. Rhf1 Qxe8 36. Rf2 Qxa4 {[%emt 0:03:57] aiming for ...Bxf3+.} 37. Rc1 Qc6 38. Rxc3 bxc3 ({And not} 38... Qxc3 39. Qxc3 bxc3 40. Kg3 $19) 39. Qd1 c2 40. Qxc2 Bxf3+ {[%emt 0:00:00] A strong pair of Bishops.} 41. Kg3 Qxc2 42. Rxc2 Be4 43. Rc4 (43. Rc7 $142 Bd5 44. Rc5) 43... g5 44. h4 Kg6 45. Ra4 f5 46. hxg5 hxg5 47. Ra6+ Kh5 48. Rd6 f4+ {[%emt 0:00:48] Black mates.} 49. Kf2 g4 50. Rd7 g3+ 51. Kf1 f3 52. Rxg7 Bd3+ 53. Ke1 f2+ 54. Kd2 f1=Q {Weighted Error Value: White=1.02/Black=0.28 (precise)} 0-1

[Event "41st Zalakaros Festival 2022"]
[Site "Zalakaros"]
[Date "2022.06.13"]
[Round "9.1"]
[White "Sammed Jaykumar, Shete"]
[Black "Peczely, Sebastian Zsombor"]
[Result "0-1"]
[ECO "C54"]
[WhiteElo "2400"]
[BlackElo "2313"]
[Annotator "TA"]
[PlyCount "104"]
[EventDate "2022.06.05"]
[EventType "swiss"]
[EventCountry "HUN"]
[SourceTitle "playchess.com"]
[Source "ChessBase"]
[SourceQuality "1"]
[TimeControl "40/5400+30:1800+30"]

1. e4 e5 2. Nf3 Nc6 3. Bc4 Bc5 4. c3 Nf6 5. d4 exd4 6. e5 d5 7. Be2 Ne4 8. cxd4 Bb4+ 9. Bd2 Nxd2 10. Nbxd2 O-O {[%emt 0:01:29] C54: Giuoco Piano: 4 c3 Nf6, main lines with 5 d4 and 5 d3.} 11. O-O f6 12. Nb3 Re8 {[%emt 0:13:02][%cal Rf6e5] The position is equal.} 13. Bb5 Bg4 14. a3 Bf8 15. Bxc6 bxc6 16. Rc1 fxe5 17. dxe5 {[%emt 0:00:07] [#]} Bxf3 $146 ({Predecessor:} 17... Rxe5 18. Nbd4 Rh5 19. h3 Bxh3 20. Nxc6 {½-½ (20) Stuart,A (2410)-Fernandez Martinez,J (2418) ICCF email 2017}) 18. Qxf3 Rxe5 19. Nd4 Qd7 {[%emt 0:02:28] Strongly threatening ...c5.} 20. Nxc6 Re4 (20... Re6 $5 21. Qc3 g6 $11) 21. Rfd1 Rae8 22. g3 (22. Qb3 $2 Qxc6 $3 23. g3 Rc4 24. Rxc4 dxc4 $19) 22... R8e6 23. Nd4 (23. Qc3 $5 ) 23... Rf6 24. Qd3 c6 ({Black should try} 24... c5 $11 25. Nb3 Qf5 26. Qxd5+ Qxd5 27. Rxd5 Re2) 25. Rc3 (25. b4 $1 $14) 25... Qh3 (25... Re8 $11 {remains equal.}) 26. f3 Rh4 27. Qc2 c5 28. gxh4 $18 Rg6+ 29. Kh1 cxd4 30. Rcd3 Bd6 31. Rc1 (31. f4 $18 {is more deadly.} Qg4 32. Qf2) 31... Kf7 $2 (31... Qxh4 $16 {was worth a try.} 32. Qc8+ Bf8) 32. Rb3 Kf6 33. Qf2 Kf5 (33... Ke7 $16 34. Rb7+ Kd8) 34. Rg1 Bf4 35. Rxg6 (35. Qc2+ $142 Kf6 36. Qc6+ Ke7 37. Qc5+ Bd6 38. Re1+ Re6 39. Rxe6+ Qxe6 40. Qxd4 Qe1+ 41. Kg2 Qe2+ 42. Qf2 Qxf2+ 43. Kxf2) 35... hxg6 {[%emt 0:00:32][%mdl 4096] Endgame KQR-KQB} 36. Rd3 $2 (36. a4 $1 $18) 36... Be3 $14 37. Qg2 Qxh4 38. Qg3 $36 {[%emt 0:00:21][%mdl 2048] Against Qe1+. White is more active.} Qf6 39. Rb3 {[%emt 0:06:04] Black must now prevent Rb8.} Qc6 40. Rb8 Qc1+ (40... Kf6 $11 {keeps the balance.}) 41. Kg2 $16 {[%emt 0:01:01] Rf8+ would kill now.} g5 {[%emt 0:21:16] [#]} (41... Qg1+ $16 42. Kh3 Qf1+ 43. Qg2 (43. Kh4 $2 Bf2 $19) 43... Qd3) 42. Rc8 $2 Qg1+ $11 43. Kh3 {[%emt 0:00:06] Threatens to win with Qxg1.} g4+ $2 ({Don't play} 43... Qf1+ 44. Qg2 Qxg2+ 45. Kxg2 $16) (43... Qxg3+ $11 44. Kxg3 d3) 44. fxg4+ $18 Ke4 45. Re8+ Kd3 {[%emt 0:00:21] Hoping for ...Qxg3+.} 46. Qf3 (46. Qxg1 $18 {White wants to mate with Qb1+.} Bxg1 47. Kg2) 46... g5 {[%emt 0:01:21] [#]} (46... Kd2 $11) 47. Rc8 (47. b4 $1 $16) 47... Kd2 $1 $11 {[%emt 0:00:51] aiming for ...d3. Really sharp!} 48. Qf5 (48. Rd8 $11) 48... Qd1 $2 ({Better is} 48... d3 $19 {( -> ...Bf4)} 49. Rc3 Qb1) 49. Rc5 $2 (49. Qxd5 d3 50. Rf8 Bf4 $17) (49. Rd8 $11) 49... Bf4 $19 50. Kg2 {[%emt 0:03:34] Prevents Qf1+.} Qe2+ {[%emt 0:00:06] Black mates.} 51. Kg1 Qxh2+ 52. Kf1 Qh3+ {[%emt 0:00:11] Weighted Error Value: White=0.89/Black=0.45} 0-1

[Event "41st Zalakaros Festival 2022"]
[Site "Zalakaros"]
[Date "2022.06.13"]
[Round "9.2"]
[White "Csonka, Balazs"]
[Black "Bokorovics, Bertalan"]
[Result "1/2-1/2"]
[ECO "B22"]
[WhiteElo "2498"]
[BlackElo "2221"]
[Annotator "TA"]
[PlyCount "72"]
[EventDate "2022.06.05"]
[EventType "swiss"]
[EventCountry "HUN"]
[SourceTitle "playchess.com"]
[Source "ChessBase"]
[SourceQuality "1"]
[TimeControl "40/5400+30:1800+30"]

1. e4 c5 2. c3 d5 3. exd5 Qxd5 4. d4 Nf6 5. Nf3 e6 6. Na3 Nc6 7. Be3 cxd4 {[%emt 0:01:12] [#] B22: Sicilian: 2 c3.} 8. Nb5 $1 {[%emt 0:00:23] Black must now prevent Nc7+.} Qd8 {[%emt 0:00:22] Inhibits Nc7+.} (8... Qd7 9. Nbxd4) 9. Nbxd4 Nd5 10. Nxc6 bxc6 11. Bd2 $1 {[%emt 0:00:16][%mdl 4] now scores much better than the old 11.Bd4.} Bd6 12. c4 Nf6 {[%emt 0:03:23] [#]} 13. Qc2 $146 ({Predecessor:} 13. Bc3 Ne4 14. Qd4 Nxc3 15. Qxg7 Rf8 16. Qxc3 Qe7 17. a3 {½-½ (26) Ferreira,J (2524)-Fier,A (2547) Evora 2019}) 13... c5 14. Bc3 Bb7 15. Qa4+ Qd7 16. Qxd7+ Kxd7 17. Ne5+ Ke7 {[%emt 0:01:18] And now ...Ne4 would win.} 18. f3 {[%emt 0:00:08] Against Ne4} h5 19. Bd3 Rad8 {[%emt 0:04:36] [#] Hoping for ...Bxe5.} 20. Rd1 Nd7 21. Nxd7 {[%emt 0:00:47] The position is equal.} Rxd7 22. h3 ({Don't play} 22. Bxg7 Rg8 23. Bh6 Rxg2 $15) 22... h4 23. Kf2 f6 24. Bc2 Rhd8 25. Ke2 Bc6 {[%emt 0:05:49] Inhibits Ba4.} 26. Rd2 Be5 27. Rxd7+ Rxd7 28. Bxe5 fxe5 $11 {[%emt 0:00:05][%mdl 4096] Endgame KRB-KRB} 29. Ke3 Rd4 30. Bd3 Kd6 31. Be2 g5 32. Rf1 a5 33. b3 Rf4 34. Rd1+ Rd4 35. Rf1 Rf4 36. Rd1+ Rd4 {[%emt 0:00:05] Weighted Error Value: White=0.04 (flawless) /Black=0.02 (flawless)} 1/2-1/2

[Event "41st Zalakaros Festival 2022"]
[Site "Zalakaros"]
[Date "2022.06.13"]
[Round "9.3"]
[White "Kantor, Gergely"]
[Black "Pogany, Zsombor"]
[Result "1-0"]
[ECO "D85"]
[WhiteElo "2587"]
[BlackElo "2104"]
[Annotator "TA"]
[PlyCount "110"]
[EventDate "2022.06.05"]
[EventType "swiss"]
[EventCountry "HUN"]
[SourceTitle "playchess.com"]
[Source "ChessBase"]
[SourceQuality "1"]
[TimeControl "40/5400+30:1800+30"]

1. d4 Nf6 2. Nf3 g6 3. c4 Bg7 4. Nc3 d5 5. cxd5 Nxd5 6. e4 Nxc3 7. bxc3 c5 8. Be3 Nc6 9. Rc1 Qa5 {[%emt 0:02:17] D85: Exchange Grünfeld: Unusual White 7th moves and lines with 7 Nf3.} (9... cxd4 $11 10. cxd4 Qa5+ 11. Bd2 Qxa2) 10. d5 $1 $14 Nb8 11. Qd2 O-O {[%emt 0:07:13] White is better.} 12. Bh6 $1 {[%emt 0:03:24] [#]} f6 $146 ({Predecessor:} 12... Bxh6 13. Qxh6 f6 14. Qd2 e5 15. Be2 b5 16. c4 b4 17. O-O Nd7 18. Qc2 Qc7 {0-1 (33) Perrin,R-Dabholkar,P (2069) ICCF email 2005}) 13. h4 Rf7 14. e5 (14. Be3 $142) 14... fxe5 (14... Bxh6 $16 15. Qxh6 Bf5) 15. h5 $1 $18 (15. Bxg7 $6 Rxg7 16. h5 (16. Nxe5 Nd7 $14) 16... gxh5 $16) 15... Bf5 16. hxg6 Bxg6 17. Bxg7 Rxg7 18. Nxe5 Qc7 (18... Be8 $16) 19. Nxg6 (19. Qf4 $6 Qd6 $16) 19... Rxg6 20. Qe3 {[%emt 0:00:15] Inhibits Qe5.} (20. Bd3 $18 Qe5+ 21. Kd1) 20... Nd7 $16 21. Bd3 (21. Qxe7 Rg7 22. Qe6+ Kh8) 21... Rg7 22. Bf5 {[%emt 0:03:00] aiming for Qe6+.} Nf8 {[%emt 0:02:08] Inhibits Qe6+.} (22... Rf8 $142 23. g4 (23. Qe6+ Kh8 $11) 23... Kh8) 23. Rh6 (23. Kf1 $142) 23... Rd8 24. Kf1 Rd6 25. Rh5 Rf6 26. Re1 Qd6 27. c4 Qa6 28. Qxc5 Qxa2 29. g4 (29. Rxe7 Rxe7 30. Qxe7 Rxf5 $1 31. Rg5+ Rxg5 32. Qxg5+ Ng6 33. Qd8+ Kf7 34. Qd7+ Ne7 $17) (29. Qd4 $18) 29... b6 30. Qd4 {[%emt 0:00:08] Strongly threatening Ra1.} Qa6 (30... Qb3 $16 31. Re3 (31. Rxe7 Rxe7 32. Qxf6 Qxc4+ 33. Kg2 Qxd5+ 34. Kg3 Qb3+ 35. Kh4 Qf7 $14) 31... Qb4) 31. Rh3 {[%emt 0:02:36] Threatens to win with Rhe3.} Qb7 32. Qe4 {[%emt 0:00:23][%cal Og4g5] 0x0.00207ab1eeb2dp-1022s more active pieces. The black rooks are badly placed.} Qc7 33. Ree3 Qd6 34. Reg3 Rh6 {[%emt 0:02:49] [#]} (34... h6 $16 {was worth a try.} 35. Re3 a6) 35. Be6+ $1 $18 Rxe6 36. dxe6 Qxe6 37. Qxe6+ Nxe6 {[%emt 0:00:04][%mdl 4096] Endgame KRR-KRN} 38. Rh6 Nc5 39. Rc6 Rf7 40. Re3 {[%emt 0:00:00] Inhibits Ne4.} ({Don't do} 40. Ra3 e6 41. Ke2 Kg7) 40... e6 41. Kg2 Rf4 42. Kg3 Rxc4 (42... Rd4 43. Rc8+ Kf7 44. Rc7+ Kg6 45. Rxa7 Rxc4) 43. Rexe6 ({Less strong is} 43. Rc8+ Kg7 $16) 43... Rc3+ $2 (43... b5 44. Re8+ Kf7) 44. f3 Nxe6 45. Rxc3 {[%emt 0:00:13] And now Ra3 would win. KR-KN} Nc5 46. Kf4 a5 47. Kf5 Kf7 48. f4 a4 49. Rc4 Ke7 50. Rb4 a3 51. Rb1 {[%emt 0:00:06] Ra1 is the strong threat.} Kd7 52. Ra1 {[%emt 0:00:44] White mates.} b5 53. Rxa3 b4 54. Ra7+ Kc6 55. Rxh7 Kd5 {Weighted Error Value: White=0.10 (very precise) /Black=0.56} 1-0

[Event "41st Zalakaros Festival 2022"]
[Site "Zalakaros"]
[Date "2022.06.13"]
[Round "9.4"]
[White "Nemeth, Zalan"]
[Black "Horvath, Adam"]
[Result "0-1"]
[ECO "A37"]
[WhiteElo "2177"]
[BlackElo "2513"]
[Annotator "TA"]
[PlyCount "96"]
[EventDate "2022.06.05"]
[EventType "swiss"]
[EventCountry "HUN"]
[SourceTitle "playchess.com"]
[Source "ChessBase"]
[SourceQuality "1"]
[TimeControl "40/5400+30:1800+30"]

1. Nf3 c5 2. c4 Nc6 3. Nc3 g6 4. g3 Bg7 5. Bg2 d6 6. a3 e6 {[%emt 0:00:29] Nowadays more popular than 6...e5. A37: Symmetrical English vs ...g6: 4 Bg2 Bg7 5 Nf3.} 7. b4 Nge7 8. Rb1 b6 {[%emt 0:01:17] The position is equal.} 9. O-O Bb7 10. bxc5 dxc5 11. Ne4 Rb8 {[%emt 0:10:09] [#]} 12. Bb2 $146 ({Predecessor:} 12. d3 O-O 13. Bd2 f5 14. Neg5 Qd7 15. h4 h6 16. Nh3 e5 17. Qc1 Kh7 18. Kh2 {0-1 (85) Mandekic,I (2183)-Jovanovic,Z (2522) Mali Losinj 2021}) 12... e5 13. e3 O-O {[%emt 0:22:25] With the idea ...Qd3.} 14. Qc2 {[%emt 0:05:57] Inhibits Qd3.} (14. d3 $1 $11) 14... Qd7 (14... f5 $17 15. Neg5 Qd7) 15. Nc3 f5 16. d3 {[%emt 0:00:22] Against e4} h6 17. Rbd1 Rbd8 18. h4 Kh8 19. Ne2 Qc8 20. d4 cxd4 21. exd4 e4 22. Ne5 Nxe5 23. dxe5 Ba6 24. Rxd8 Rxd8 25. Rc1 Kh7 26. Nf4 Nc6 27. h5 g5 (27... Nxe5 $11 28. hxg6+ Nxg6) 28. Nd5 $14 {[%emt 0:06:16][%cal Og2e4] [#] Bxe4! is the strong threat.} Kh8 29. g4 Bb7 $1 30. gxf5 Qxf5 31. Bxe4 (31. Ne3 $5 Qf4 32. e6 $14 (32. Qxe4 Rd2 $11) (32. Bxe4 $2 Nd4 $19)) 31... Qg4+ (31... Qf7 $1 $11 {and Black has nothing to worry.}) 32. Kf1 $2 (32. Bg2 $18) 32... Nxe5 $11 33. Bxe5 Bxe5 34. Qe2 Qh3+ ({Black should try} 34... Qxe2+ $17 35. Kxe2 Bd6) 35. Bg2 Qh2 36. f4 $2 (36. Re1 $11 {and White is okay.} Bxd5 37. cxd5) 36... Bd4 $19 {[%emt 0:00:27][%csl Gd4][%cal Rh2g1] [#]} ({Not} 36... Rxd5 $2 37. Bxd5 Qxf4+ 38. Kg2 $19) 37. Qe4 Qg1+ 38. Ke2 Qf2+ ({Worse is} 38... Qxc1 39. Qxd4+ Kg8 40. Be4 $11) 39. Kd3 Bg7 {[%emt 0:00:20] Strongly threatening ...b5.} 40. Rc2 Qg1 {[%emt 0:00:00][%cal Ob6b5] Threatens to win with ...b5!} 41. fxg5 (41. Qe7 $142 Rf8 42. Qxb7) 41... b5 {[%emt 0:07:08] White must now prevent ...bxc4+. Black is clearly winning.} 42. gxh6 bxc4+ ({Weaker is} 42... Qd1+ 43. Rd2 bxc4+ 44. Qxc4 Qb1+ 45. Ke2 Bxh6 46. Ne3 Rxd2+ 47. Kxd2 $17) 43. Qxc4 Bf6 {[%emt 0:06:30][%cal Ob7a6] ( -> ...Ba6!). This bishop pair is nice.} 44. Rd2 Rc8 45. Nxf6 {[%emt 0:01:21] Hoping for Qd4.} Rxc4 46. Kxc4 Qc1+ 47. Kb3 Qxd2 48. Bxb7 Qd3+ {[%emt 0:00:18] Weighted Error Value: White=0.80/Black=0.18 (very precise)} 0-1

[Event "41st Zalakaros Festival 2022"]
[Site "Zalakaros"]
[Date "2022.06.13"]
[Round "9.6"]
[White "Pasztor, Ferenc"]
[Black "Farkas, Gabor"]
[Result "0-1"]
[ECO "A33"]
[WhiteElo "2195"]
[BlackElo "2324"]
[Annotator "TA"]
[PlyCount "42"]
[EventDate "2022.06.05"]
[EventType "swiss"]
[EventCountry "HUN"]
[SourceTitle "playchess.com"]
[Source "ChessBase"]
[SourceQuality "1"]
[TimeControl "40/5400+30:1800+30"]

1. c4 e6 2. d4 c5 3. Nf3 Nf6 4. Nc3 cxd4 5. Nxd4 Nc6 6. e4 Bb4 7. Nxc6 bxc6 8. e5 ({White should play} 8. Bd3 $11) 8... Ne4 $1 $15 {[%emt 0:00:30] B44: Sicilian: Taimanov: 5 Nb5.} 9. Bd2 Nxd2 ({Much less strong is} 9... Qh4 10. g3 Nxc3 11. gxh4 $16) 10. Qxd2 Qa5 {[%emt 0:00:13] Black is slightly better.} 11. f4 Bxc3 {[%emt 0:02:58] [#]} (11... d6 $15 12. exd6 O-O) 12. bxc3 $146 ({Predecessor:} 12. Qxc3 Qxc3+ 13. bxc3 Rb8 14. Bd3 c5 15. O-O Ba6 16. Rab1 O-O 17. Kf2 f5 18. Ke3 {1-0 (54) Luetzow,S-Borkenhagen,A Nakensdorf 1995}) 12... O-O 13. Be2 f6 14. Qe3 (14. exf6 $11 {keeps the balance.} Rxf6 15. O-O) 14... fxe5 $17 15. fxe5 {[%emt 0:00:07] [#]} Rf5 $1 16. g4 Qxe5 17. Qd3 (17. Qd4 {was necessary.} Qxd4 18. cxd4) 17... Rf4 $19 {[%emt 0:00:32] Hoping for ...Ba6.} 18. Rf1 Rxf1+ {[%emt 0:00:29] Black is clearly winning.} 19. Kxf1 Qxh2 {[%emt 0:00:40] [#] aiming for ...Qh1+.} 20. Bf3 {[%emt 0:07:00] Against Qh1+} (20. Ke1 $142 Qg1+ 21. Bf1) 20... Ba6 {[%emt 0:01:29] Threatens to win with ...Rf8.} 21. Qe4 Rf8 {[%emt 0:00:37] Weighted Error Value: White=1.19/Black=0.07 (flawless)} 0-1